AoeStats
← Green Assassin

Pilgrims

508772912Analyzed
4v4 RM · 7d ago on Sep 24, 2026· 61m 36s· 8 players
Game mode
Random Map
Map size
Large (8 player)
Population
200
Speed
Normal
Resources
Standard
Victory
Conquest
Starting age
Dark Age
Ending age
Imperial Age
RankedLock teamsTeams togetherTeam positionsShared explorationLock speedFull tech treeHidden civsTurbo modeCheats
Victory
Defeat
🇦🇷 Koreans · Argentina
1251
+12
🇩🇪 Armenians · Germany
1207
+14
🇺🇸 Jurchens · United States
1194
+15
🇺🇸 Saxons · United States
1190
+15
🇺🇾 Shu · Uruguay
1231
-16
🇧🇷 Persians · Brazil
1186
-15
🇺🇾 Malay · Uruguay
1165
-14
🇺🇾 Armenians · Uruguay
1092
-11
Fs.hiGhly_
5:16 Loom
9:40 Feudal Age
14:49 Castle Age
13:14 Double-Bit Axe
14:36 Gold Mining
14:43 Fletching
14:59 Fishing Lines
16:00 Horse Collar
16:44 Bow Saw
18:09 Gillnets
25:07 Bloodlines
25:29 Forging
41:17 Iron Casting
40:48 Husbandry
41:57 Scale Barding Armor
61:29 Imperial Age
LaPolitziaaa
5:59 Loom
11:24 Feudal Age
11:16 Double-Bit Axe
11:21 Fishing Lines
17:29 Castle Age
16:47 Stone Mining
17:40 Wheelbarrow
22:57 Forging
22:41 Horse Collar
28:09 Iron Casting
27:25 Fletching
34:38 Hand Cart
35:55 Gillnets
40:03 Bodkin Arrow
40:03 Gold Mining
47:08 Imperial Age
45:50 Padded Archer Armor
47:41 Blast Furnace
46:47 Scale Barding Armor
56:19 Bracer
chello3200
4:39 Loom
10:56 Feudal Age
12:11 Man-at-Arms
13:11 Long Swordsman
20:21 Double-Bit Axe
25:34 Castle Age
43:00 Crossbowman
51:21 Two-Handed Swordsman
53:23 Wheelbarrow
Aphelink
11:36 Feudal Age
12:08 Loom
13:00 Double-Bit Axe
13:03 Fishing Lines
14:15 Loom
16:16 Town Watch
18:58 Castle Age
17:44 Fletching
20:00 Medium Warships
19:41 Gillnets
20:31 Bow Saw
20:14 Gold Mining
21:10 Bodkin Arrow
21:36 Clinker Construction
21:38 Careening
21:51 Ballistics
22:32 Wheelbarrow
25:41 Hand Cart
28:28 Imperial Age
28:20 Padded Archer Armor
29:45 Leather Archer Armor
29:33 Bracer
30:37 Two-Man Saw
32:06 Chemistry
31:26 Crossbowman
32:11 Thumb Ring
32:44 Ring Archer Armor
32:22 Arbalester
42:21 Bolt Magazine
47:00 Heavy Warships
54:33 Elite Skirmisher
Ickhead
3:44 Loom
11:16 Feudal Age
12:11 Town Watch
13:09 Man-at-Arms
17:05 Wheelbarrow
22:08 Castle Age
20:31 Fletching
22:08 Double-Bit Axe
22:07 Horse Collar
25:12 Padded Archer Armor
44:51 Hand Cart
45:55 Hand Cart
45:44 Town Patrol
47:18 Stone Mining
48:33 Stone Shaft Mining
48:42 Gold Mining
51:19 Gold Shaft Mining
60:47 Husbandry
60:58 Bloodlines
61:08 Scale Barding Armor
61:14 Forging
darkmoon5991
3:10 Loom
12:14 Feudal Age
12:45 Double-Bit Axe
17:06 Castle Age
15:03 Stone Mining
15:08 Gold Mining
15:19 Scale Mail Armor
15:21 Arson
16:11 Forging
15:51 Fishing Lines
18:35 Chain Mail Armor
18:55 Iron Casting
18:23 Squires
40:18 Imperial Age
39:03 Gold Shaft Mining
38:10 Horse Collar
39:07 Wheelbarrow
40:04 Hand Cart
40:04 Heavy Plow
40:34 Shield Wall
41:44 Elite Varangian Guard
44:47 Plate Mail Armor
49:05 Conscription
50:36 Elite Hearth Troop
Green Assassin
4:12 Loom
12:36 Feudal Age
13:04 Double-Bit Axe
13:56 Fletching
19:20 Castle Age
17:31 Gold Mining
17:10 Man-at-Arms
17:56 Scale Mail Armor
19:45 Forging
18:58 Long Swordsman
19:24 Arson
20:34 Wheelbarrow
20:42 Wheelbarrow
20:47 Chain Mail Armor
21:30 Fishing Lines
23:28 Iron Casting
25:46 Bodkin Arrow
27:56 Medium Warships
30:21 Two-Handed Swordsman
31:04 Squires
30:50 Gambesons
36:23 Cilician Fleet
36:40 Horse Collar
37:37 Ballistics
38:06 Bow Saw
40:12 Heavy Plow
39:44 Elite Skirmisher
45:49 Imperial Age
44:14 Padded Archer Armor
45:59 Leather Archer Armor
46:38 Clinker Construction
47:12 Ring Archer Armor
46:43 Bracer
47:47 Chemistry
47:09 Gillnets
49:01 Champion
54:04 Gold Shaft Mining
53:04 Pikeman
55:39 Caravan
57:47 Heavy Warships
58:34 Fervor
59:46 Elite Composite Bowman
60:47 Conscription
61:27 Fereters
[GdSur] Mate_Amargo
3:39 Loom
Connection lost

Rejoining the realm…

Still unreachable

The connection could not be restored.

Session expired

The server has moved on; the page needs a fresh start.